 Dungeon Crawl Stone Soup version 0.29.1-15-g9cfb28693d (webtiles) character file.

Game seed: 69078262774996803

79151 croobank the Unforgettable (level 15, -8/99 HPs)
             Began as a Demonspawn Fire Elementalist on Apr 18, 2023.
             Was the Champion of Hepliaklqana.
             Mangled by a steelbarb worm (17 damage)
             ... on level 1 of the Spider Nest.
             The game lasted 01:48:03 (35844 turns).

croobank the Unforgettable (DsFE)                  Turns: 35844, Time: 01:48:03

Health: -8/99      AC: 15    Str: 13    XL:     15   Next: 20%
Magic:  8/27       EV: 15    Int: 22    God:    Hepliaklqana [******]
Gold:   883        SH:  0    Dex: 15    Spells: 7/30 levels left

rFire   + + .      SeeInvis .   C - +4 flail of the Turnip {spect, Str+4}
rCold   . . .      Faith    .   O - +0 buckler
rNeg    + + +      Spirit   .   B - +2 robe {rC+ rF+}
rPois   .          Reflect  .   d - +1 hat "Miyblicu" {rElec}
rElec   +          Harm     .   a - +1 cloak "Aryavot" {rN+}
rCorr   .          Rampage  .   N - +0 pair of gloves
Will    +....                   (boots unavailable)
Stlth   ++........              u - amulet of magic regeneration
HPRegen 0.26/turn               t - ring "Daphy" {Fire rN++}
MPRegen 0.60/turn               V - ring of flight

@: confused, ambrosia-drunk, spiked, flying, very slightly contaminated
A: reduced essence, hooves 3, slimy green scales 2, icemail 1, spiny 2,
augmentation 1, condensation shield
a: Renounce Religion, Recall Ancestor, Ancestor Identity, Transference, Idealise


You were on level 1 of the Spider Nest.
You worshipped Hepliaklqana.
Hepliaklqana was exalted by your worship.
You visited 5 branches of the dungeon, and saw 22 of its levels.
You also visited: Trove, Bailey and Volcano.

You collected 2598 gold pieces.
You spent 1715 gold pieces at shops.

Inventory:

Hand Weapons
 p - the +9 quarterstaff of Fownu {vorpal, rElec Int+2}
   (You found it in a treasure trove)

   It inflicts extra damage upon your enemies.
   Int:       It affects your intelligence (+2).
   rElec:     It insulates you from electricity.
 x - a +0 demon whip of venom
 C - the +4 flail of the Turnip (weapon) {spect, Str+4}
   (You found it on level 3 of the Lair of Beasts)

   When its wielder attacks, the weapon's spirit leaps out and strikes again.
   The spirit shares a part of any damage it takes with its wielder.
   Str:       It affects your strength (+4).
 M - the +5 shortbow of Pagowk {freeze, rPois rF+ Str+5 Int-5}
   (You found it in a treasure trove)

   Any ammunition fired from it freezes those it strikes, dealing additional
   cold damage.
   It can also slow down cold-blooded creatures.
   Str:       It affects your strength (+5).
   Int:       It affects your intelligence (-5).
   rF:        It protects you from fire.
   rPois:     It protects you from poison.
 Y - a +2 vampiric demon trident
Missiles
 c - 15 atropa-tipped darts
 e - 3 boomerangs of dispersal
 o - 6 curare-tipped darts
 s - 5 javelins
 T - 6 datura-tipped darts
Armour
 a - the +1 cloak "Aryavot" (worn) {rN+}
   (You found it on level 3 of the Dungeon)

   rN:        It protects you from negative energy.
 d - the +1 hat "Miyblicu" (worn) {rElec}
   (You acquired it on level 8 of the Dungeon)

   rElec:     It insulates you from electricity.
 B - a +2 robe of resistance (worn)
 F - a +0 troll leather armour
 N - a +0 pair of gloves (worn)
 O - a +0 buckler (worn)
Magical Staves
 E - a staff of fire
Jewellery
 r - the ring "Xifoal" {Fire *Slow Will+ Int+2 Stlth+}
   (You found it in a treasure trove)

   [ring of fire]

   It enhances your fire magic.
   Int:       It affects your intelligence (+2).
   rF:        It protects you from fire.
   rC:        It makes you vulnerable to cold.
   *Slow:     It may slow you when you take damage.
   Will:      It increases your willpower.
   Stlth:     It makes you more stealthy.
 t - the ring "Daphy" (left hand) {Fire rN++}
   (You bought it in a shop on level 6 of the Dungeon)

   [ring of fire]

   It enhances your fire magic.
   rF:        It protects you from fire.
   rC:        It makes you vulnerable to cold.
   rN:        It greatly protects you from negative energy.
 u - an amulet of magic regeneration (around neck)
 w - the ring of Igha {rElec rPois rF- Int+3 SInv}
   (You bought it in a shop on level 2 of the Orcish Mines)

   [ring of see invisible]

   Int:       It affects your intelligence (+3).
   rF:        It makes you vulnerable to fire.
   rElec:     It insulates you from electricity.
   rPois:     It protects you from poison.
   SInv:      It lets you see invisible.
 y - a +6 ring of intelligence
 D - the ring of Entrepreneurial Spirit {Fire rN++ rCorr}
   (You found it in a treasure trove)

   [ring of fire]

   It enhances your fire magic.
   rF:        It protects you from fire.
   rC:        It makes you vulnerable to cold.
   rN:        It greatly protects you from negative energy.
   rCorr:     It protects you from acid and corrosion.
 J - a ring of wizardry
 Q - the amulet of the Ageless Xalams {Regen+ Dex+4}
   (You found it in a treasure trove)

   [amulet of regeneration]

   Dex:       It affects your dexterity (+4).
   Regen:     It increases your rate of health regeneration.
 R - a ring of protection from cold
 V - a ring of flight (right hand)
Wands
 i - a wand of mindburst (11)
 v - a wand of flame (34)
 P - a wand of iceblast (17)
 U - a wand of light (3)
Scrolls
 f - 2 scrolls of fog
 h - 8 scrolls of teleportation
 k - 2 scrolls of poison
 m - a scroll of magic mapping
 n - a scroll of immolation
 H - 2 scrolls of vulnerability
 S - 2 scrolls of enchant weapon
 W - 5 scrolls of identify
 Z - 5 scrolls of amnesia
Potions
 b - 4 potions of magic
 g - 2 potions of berserk rage
 j - 11 potions of curing
 l - 2 potions of haste
 q - 2 potions of cancellation
 z - 5 potions of attraction
 A - 4 potions of ambrosia
 G - 2 potions of lignification
 I - 2 potions of resistance
 K - 6 potions of mutation
 L - 4 potions of brilliance
 X - 2 potions of flight


   Skills:
 - Level 8.2 Fighting
 - Level 8.2 Dodging
 - Level 9.0 Stealth
 - Level 5.0 Shields
 - Level 8.3 Spellcasting
 - Level 9.0 Conjurations
 + Level 12.0 Translocations
 - Level 8.5 Fire Magic
 - Level 14.4 Invocations


You had 7 spell levels left.
You knew the following spells:

 Your Spells              Type           Power      Damage    Failure   Level
a - Foxfire               Conj/Fire      100%       2x1d9     1%          1
b - Scorch                Fire           100%       2d10      1%          2
c - Iskenderun's Mystic   Conj/Tloc      53%        2d11      1%          4
d - Inner Flame           Hex/Fire       42%        N/A       4%          3
e - Flame Wave            Conj/Fire      64%        2d15      2%          4
f - Dazzling Flash        Conj/Hex       56%        N/A       4%          3
g - Dispersal             Tloc           29%        N/A       10%         6

Your spell library contained the following spells:

 Spells                   Type           Power      Damage    Failure   Level
 Apportation              Tloc           100%       N/A       1%          1
 Conjure Flame            Conj/Fire      64%        6-21      1%          3
 Gell's Gravitas          Tloc           58%        N/A       1%          3
 Lesser Beckoning         Tloc           58%        N/A       1%          3
 Iskenderun's Battlesphe  Conj           48%        2d10      6%          5
 Ignite Poison            Fire/Tmut/Pois 32%        N/A       9%          3
 Mephitic Cloud           Conj/Pois/Air  22%        N/A       9%          3
 Freeze                   Ice            36%        1d6       10%         1
 Necrotise                Necr           36%        1d5       10%         1
 Sting                    Tmut/Pois      36%        1d4       10%         1
 Hailstorm                Conj/Ice       28%        3d8       14%         4
 Frozen Ramparts          Ice            18%        1d3       28%         3
 Swiftness                Air            9%         N/A       28%         3
 Vampiric Draining        Necr           9%         2d6       28%         3
 Starburst                Conj/Fire      32%        6d10      36%         6
 Freezing Cloud           Conj/Ice/Air   11%        6-21      58%         5
 Cause Fear               Hex            4%         N/A       67%         4
 Ice Form                 Ice/Tmut       9%         N/A       67%         4
 Leda's Liquefaction      Hex/Erth       4%         N/A       67%         4
 Iron Shot                Conj/Erth      14%        9d4       92%         6
 Agony                    Necr           9%         N/A       95%         5
 Borgnjor's Vile Clutch   Necr/Erth      4%         N/A       95%         5
 Lee's Rapid Deconstruct  Erth           4%         3d6*      95%         5
 Eringya's Noxious Bog    Tmut/Pois      4%         N/A       100%        6
 Simulacrum               Ice/Necr       4%         N/A       100%        6
 Statue Form              Tmut/Erth      6%         N/A       100%        6
 Dragon Form              Tmut           4%         N/A       100%        7
 Spellforged Servitor     Conj/Summ      14%        N/A       100%        7
 Dragon's Call            Summ           4%         N/A       100%        9


Dungeon Overview and Level Annotations

Branches:
Dungeon (13/15)            Temple (1/1) D:5            Lair (5/5) D:9
  Swamp (0/4) Lair:3       Spider (1/4) Lair:2        Slime (0/5) Lair:4
    Orc (2/2) D:10            Elf (0/3) Orc:2        Bailey (visited)
Volcano (visited)
 Vaults: D:13-14

Altars:
Ashenzari
Cheibriados
Dithmenos
Fedhas
Gozag
Hepliaklqana
Kikubaaqudgha
Makhleb
Nemelex Xobeh
Okawaru
Qazlal
Ru
Sif Muna
Trog
Uskayaw
Vehumet
Wu Jian
Xom
Yredelemnul
Jiyva

Shops:
D:3 *([   D:4 *   D:6 [=   Orc:1 :   Orc:2 !!=(=:

Portals:
Hell: Lair:5

Annotations:
D:9 2 runed translucent doors
Orc:1 3 runed translucent doors, mkat's ghost, journeyman DsSu


Innate Abilities, Weirdness & Mutations

Your life essence is reduced to manifest your ancestor. (-10% HP)
You have hooves in place of feet.
You are mostly covered in slimy green scales. (AC +3)
A meltable icy envelope protects you from harm. (AC +4)
You are mostly covered in sharp spines.
Your magical and physical power is slightly enhanced at high health.
A meltable shield of frost defends you. (SH +4)


Message History

Barbed spikes become lodged in your body.
The steelbarb worm is struck by your spines.
The steelbarb worm hits you!
* * * LOW HITPOINT WARNING * * *
Barbed spikes become lodged in your body.
A jumping spider comes into view.
Citlalmina points at the steelbarb worm and mumbles some strange words.
The stone arrow hits the steelbarb worm!
The steelbarb worm is struck by your spines.
The steelbarb worm hits you but does no damage.
Being near the torpor snail leaves you feeling lethargic.
Okay, then.
Okay, then.
Okay, then.
Okay, then.
Okay, then.
Okay, then.
Okay, then.
Okay, then.
Okay, then.
Okay, then.
Select a target.
Press: ? - help, Dir - move target, f - steelbarb worm
Aim: a steelbarb worm (severely wounded, berserk, not watching you, ally target)
The floor.
The steelbarb worm swaps with Citlalmina!
Your +4 flail of the Turnip {spect, Str+4} is drained by nostalgia.
You feel yourself speed up.
Citlalmina is no longer moving slowly.
The foxfire hits the steelbarb worm but does no damage.
The steelbarb worm is severely wounded.
Being near the torpor snail leaves you feeling lethargic.
The steelbarb worm is struck by your spines.
The steelbarb worm barely misses you.
You are confused.
You feel invigorated.
You feel yourself speed up.
You are no longer locked in place.
The steelbarb worm is struck by your spines.
The steelbarb worm hits you!
You die...

##...#....#..##..#.#
###.#.....†.....^.......
..#.#...†...............
...........##.......##.
..^......##.#.....##.##.
.###..##.##....##.##....
#..##.......##.......
#...R................
#..§@§#..............
......w####.............
.....w# .............<
....†. ..............
...s. ..............
..... ............. ....
.[..####... .... ##..
#..


You could see the friendly Citlalmina the battlemage (slow), a steelbarb worm
(berserk, ally target), a torpor snail and a jumping spider.

Vanquished Creatures
  3 orc warlords
  5 hydras
  4 two-headed ogres
  A catoblepas (Lair:2)
  A centaur warrior (D:13)
  An orc high priest (Orc:2)
  A salamander mystic (Volcano)
  A wizard (Lair:5)
  3 orc knights (Orc:2)
  A steelbarb worm (Spider:1)
  4 orc sorcerers (Orc:2)
  A cyclops (Orc:1)
  4 centaur zombies (D:10)
  2 salamanders (Volcano)
  8 elephants
  5 black mambas
  A molten gargoyle (Volcano)
  2 orange demons
  3 komodo dragons
  7 cane toads
  2 rime drakes (Lair:5)
  2 unseen horror zombies (D:10)
  A queen bee (Lair:3)
  2 ice devils (Lair:5)
  7 trolls
  A tarantella (Spider:1)
  Grinder (D:7)
  7 saltlings
  5 slime creatures
  7 blink frogs
  4 jumping spiders (Spider:1)
  A shadow (D:12)
  Sigmund (D:2)
  A wraith (D:9)
  A fire bat (Volcano)
  4 wyverns
  27 yaks
  4 basilisks
  Eustachio (D:4)
  6 redbacks (Spider:1)
  Menkaure (D:4)
  3 wargs (Orc:2)
  3 hell hounds (Lair:5)
  An acid dragon (D:10)
  10 water moccasins
  An ice beast (D:7)
  25 orc warriors
  4 ogres
  16 wolves
  3 centaurs
  A phantom (D:7)
  8 bullfrogs
  A necrophage (D:7)
  4 gnoll sergeants
  4 scorpions
  4 wights (D:7)
  7 killer bees
  2 howler monkeys (D:10)
  3 lava snakes (Volcano)
  3 jellies
  4 hounds
  7 orc priests
  Jessica (D:2)
  3 iguanas (D:5)
  19 orc wizards
  Natasha (thrice) (D:3)
  A hell rat (Lair:5)
  Robin (D:3)
  20 gnolls
  7 adders
  2 shadow imps
  A white imp (D:5)
  A worm (D:2)
  A dart slug (D:3)
  78 orcs
  7 ball pythons
  6 endoplasms
  5 giant cockroaches
  16 goblins
  15 hobgoblins
  9 jackals
  7 kobolds
  3 quokkas
  7 bats
  5 frilled lizards
  3 rats
  2 pillars of salt (Orc:2)
481 creatures vanquished.

Vanquished Creatures (collateral kills)
  A hell beast (Lair:5)
  A hydra (D:11)
  2 boulder beetles
  3 two-headed ogres (Orc:2)
  Amaemon (Lair:3)
  An orc knight (Orc:1)
  A wolf spider (Spider:1)
  7 orc sorcerers
  2 salamanders (Volcano)
  3 cyclopes (Orc:2)
  A moth of wrath (Spider:1)
  3 elephants (Lair:5)
  2 centaur zombies (D:10)
  2 black mambas (Lair:5)
  2 unseen horror zombies (D:10)
  A gargoyle (Volcano)
  An unseen horror (D:11)
  10 cane toads
  2 rime drakes (Lair:5)
  A demonic crawler (Spider:1)
  An ice devil (Lair:5)
  5 komodo dragons
  2 red devils (Lair:5)
  A polar bear (Lair:5)
  A troll (Orc:2)
  4 blink frogs
  2 slime creatures (D:12)
  A wraith (D:10)
  2 jumping spiders (Spider:1)
  A culicivora (Spider:1)
  4 fire bats (Volcano)
  20 yaks
  3 wyverns
  Grum (D:11)
  4 basilisks
  2 redbacks (Spider:1)
  2 steam dragons
  A warg (Orc:2)
  6 water moccasins
  A hell hound (Lair:5)
  9 orc warriors
  A black bear (D:9)
  4 ogres
  4 wolves
  A kobold brigand (D:10)
  3 bullfrogs
  A gnoll sergeant (D:11)
  22 killer bees
  2 lava snakes (Volcano)
  7 orc priests
  5 orc wizards
  A gnoll (D:11)
  20 orcs
  4 kobolds (D:10)
  12 foxfires
207 creatures vanquished.

Vanquished Creatures (others)
  A red draconian (Volcano)
  22 battlemagi
  3 ancestors
  2 orcs
  1179 foxfires
  26 fungi
  A pillar of salt (Orc:2)
  41 plants
1275 creatures vanquished.

Grand Total: 1963 creatures vanquished

Notes
Turn   | Place    | Note
-------+----------+-------------------------------------------
     0 | D:1      | croobank the Demonspawn Fire Elementalist began the quest
                  | for the Orb.
     0 | D:1      | Reached XP level 1. HP: 13/13 MP: 3/3
   469 | D:1      | Gained mutation: You have large cloven feet. [demonic
                  | ancestry]
   469 | D:1      | Reached XP level 2. HP: 19/19 MP: 3/5
   472 | D:1      | Learned a level 2 spell: Scorch
  1826 | D:1      | You fall into a shaft and drop 1 floor!
  1845 | D:2      | Noticed Jessica
  1849 | D:2      | Killed Jessica
  1850 | D:2      | Gained mutation: You are partially covered in slimy green
                  | scales. (AC +2) [demonic ancestry]
  1850 | D:2      | Reached XP level 3. HP: 24/24 MP: 1/6
  2183 | D:2      | Reached XP level 4. HP: 30/30 MP: 0/7
  2992 | D:2      | Noticed Sigmund
  3005 | D:2      | Killed Sigmund
  3006 | D:2      | Gained mutation: You have hoof-like feet. [demonic
                  | ancestry]
  3006 | D:2      | Reached XP level 5. HP: 11/35 MP: 5/9
  3643 | D:3      | Found Inishoag's Antique Armour Shoppe.
  3731 | D:3      | Found Cecodyoqo's Antique Weapon Emporium.
  3737 | D:3      | Bought an embroidered robe for 92 gold pieces
  3983 | D:3      | Identified the +1 cloak "Aryavot" {rN+}
  4384 | D:3      | Found Bijaddoc's Assorted Antiques.
  4395 | D:3      | Bought a scroll of identify for 50 gold pieces
  4460 | D:3      | Reached XP level 6. HP: 36/41 MP: 3/10
  4761 | D:3      | Noticed Robin
  4770 | D:3      | Killed Robin
  4964 | D:3      | Noticed Natasha
  4969 | D:3      | Killed Natasha
  5050 | D:3      | Found a faded altar of an unknown god.
  5468 | D:3      | Noticed Natasha
  5474 | D:3      | Killed Natasha
  5607 | D:3      | Noticed Natasha
  5611 | D:3      | Killed Natasha
  6142 | D:4      | Got Eriteisa's Spellbook of Aerial Venom
  6289 | D:4      | Noticed Menkaure
  6300 | D:4      | Learned a level 4 spell: Iskenderun's Mystic Blast
  6310 | D:4      | Killed Menkaure
  6311 | D:4      | Gained mutation: You are partially covered in sharp spines.
                  | [demonic ancestry]
  6311 | D:4      | Reached XP level 7. HP: 42/47 MP: 4/12
  6376 | D:4      | Noticed Eustachio
  6401 | D:4      | Killed Eustachio
  6402 | D:4      | Reached skill level 1 in Fighting
  6402 | D:4      | Reached skill level 1 in Translocations
  6698 | D:4      | Found Wevoc's Assorted Antiques.
  6706 | D:4      | Bought a brown potion for 22 gold pieces
  7022 | D:4      | Found an ornate altar of the Wu Jian Council.
  7268 | D:5      | Entered Level 5 of the Dungeon
  7328 | D:5      | Found a staircase to the Ecumenical Temple.
  7343 | Temple   | Entered the Ecumenical Temple
  7439 | Temple   | Became a worshipper of Hepliaklqana the Forgotten
  7614 | D:5      | Reached skill level 1 in Invocations
  7845 | D:5      | Gained mutation: You are mostly covered in sharp spines.
                  | [demonic ancestry]
  7845 | D:5      | Reached XP level 8. HP: 56/56 MP: 3/13
  8104 | D:5      | Reached skill level 2 in Invocations
  8336 | D:4      | Bought a scroll of identify for 50 gold pieces
  8349 | D:6      | Noticed Grinder
  8352 | D:6      | Paralysed by Grinder for 5 turns
  8473 | D:7      | Found a flagged portal.
  8502 | D:7      | Found a shimmering blue altar of Sif Muna.
  8510 | D:7      | Learned a level 3 spell: Inner Flame
  8515 | D:7      | Learned a level 4 spell: Flame Wave
  8518 | Bailey   | Entered a bailey
  8835 | Bailey   | Acquired Faca's Compendium of Petrified Direction
  9059 | Bailey   | Reached skill level 3 in Invocations
  9823 | D:7      | Reached skill level 4 in Invocations
 10115 | D:6      | Paralysed by Grinder for 4 turns
 10153 | D:7      | Killed Grinder
 10222 | D:6      | Gained mutation: A meltable shield of frost defends you.
                  | (SH +4) [demonic ancestry]
 10222 | D:6      | Reached XP level 9. HP: 55/64 MP: 1/15
 10477 | D:6      | Found a shadowy altar of Dithmenos.
 10589 | D:7      | Reached skill level 5 in Fire Magic
 11236 | D:6      | Reached skill level 5 in Invocations
 11304 | D:6      | Found Tigy's Armour Boutique.
 11521 | D:6      | Found Hiusom's Jewellery Boutique.
 11531 | D:6      | Reached * piety under Hepliaklqana
 11844 | D:7      | Reached skill level 5 in Stealth
 12156 | D:7      | Reached skill level 1 in Shields
 12657 | D:8      | Reached skill level 6 in Invocations
 12810 | D:8      | Acquired the +1 hat "Miyblicu" {rElec}
 12849 | D:8      | Noticed a two-headed ogre
 12872 | D:8      | Killed a two-headed ogre
 12873 | D:8      | Reached skill level 5 in Spellcasting
 12873 | D:8      | Reached skill level 5 in Conjurations
 13360 | D:8      | Reached ** piety under Hepliaklqana
 13361 | D:8      | Remembered your ancestor Citlalmina as a battlemage
 13662 | D:9      | Reached XP level 10. HP: 63/63 MP: 8/17
 13665 | D:9      | Reached skill level 5 in Dodging
 13936 | D:9      | Reached skill level 7 in Invocations
 14014 | D:9      | Noticed a naga warrior
 14016 | D:9      | Found a large runed translucent door.
 14017 | D:9      | Found a large runed translucent door.
 14022 | D:9      | Noticed a cyclops
 14030 | D:9      | Noticed a naga warrior
 14273 | D:9      | Identified the +9 ring mail of the Blacksmith {+Inv Str+2}
 14603 | D:9      | Found a staircase to the Lair.
 15389 | D:10     | Entered Level 10 of the Dungeon
 15401 | D:10     | Reached skill level 8 in Invocations
 15482 | D:10     | Found a basalt altar of Yredelemnul.
 15496 | D:10     | Reached skill level 5 in Fighting
 15519 | D:10     | Gained mutation: You are mostly covered in slimy green
                  | scales. (AC +3) [demonic ancestry]
 15519 | D:10     | Reached XP level 11. HP: 46/71 MP: 3/19
 15699 | D:10     | Reached skill level 9 in Invocations
 15819 | D:10     | Found a staircase to the Orcish Mines.
 16329 | D:10     | Reached *** piety under Hepliaklqana
 16569 | D:10     | Found a bloodstained altar of Trog.
 16710 | D:10     | Found a portal to a secret trove of treasure.
 17601 | D:11     | Noticed Grum
 17611 | D:11     | Killed Grum
 17723 | D:11     | Noticed a six-headed hydra
 17734 | D:11     | Killed a six-headed hydra
 17735 | D:11     | Reached skill level 5 in Translocations
 17739 | D:11     | Noticed a four-headed hydra
 17747 | D:11     | Killed a four-headed hydra
 18067 | D:11     | Reached **** piety under Hepliaklqana
 18540 | D:12     | Reached skill level 10 in Invocations
 20008 | D:13     | Noticed a red ugly thing
 20103 | D:13     | Noticed a centaur warrior
 20127 | D:13     | Killed a centaur warrior
 20212 | D:13     | Noticed a boulder beetle
 20437 | Lair:1   | Entered Level 1 of the Lair of Beasts
 20532 | Lair:1   | Gained mutation: A meltable icy envelope protects you from
                  | harm. (AC +4) [demonic ancestry]
 20532 | Lair:1   | Reached XP level 12. HP: 79/79 MP: 12/21
 20732 | Lair:1   | Noticed a four-headed hydra
 20750 | Lair:1   | Killed a four-headed hydra
 20915 | Lair:1   | Reached skill level 11 in Invocations
 21216 | Lair:1   | Identified the +8 chain mail "Earthly Heaven" {Rampage}
 21228 | Lair:1   | Noticed a four-headed hydra
 21238 | Lair:1   | Killed a four-headed hydra
 21382 | Lair:1   | Identified the +5 scale mail "Owkyif" {Rampage Will+ Int+4}
 22229 | Lair:2   | Found a hole to the Spider Nest.
 22870 | Lair:2   | Noticed a catoblepas
 22878 | Lair:2   | Killed a catoblepas
 22879 | Lair:2   | Reached skill level 12 in Invocations
 23554 | Lair:3   | Reached ***** piety under Hepliaklqana
 23651 | Lair:3   | Identified the +4 flail of the Turnip {spect, Str+4}
 23950 | Lair:3   | Reached XP level 13. HP: 85/85 MP: 23/23
 23976 | Lair:3   | Found a staircase to the Swamp.
 24302 | Lair:3   | Noticed Amaemon
 24309 | Lair:3   | Killed Amaemon
 25282 | Lair:4   | Learned a level 3 spell: Dazzling Flash
 25800 | Lair:4   | Reached skill level 5 in Shields
 25820 | Lair:4   | Reached skill level 13 in Invocations
 26076 | Lair:4   | Found a viscous altar of Jiyva.
 26081 | Lair:4   | Found a staircase to the Slime Pits.
 26182 | Lair:5   | Entered Level 5 of the Lair of Beasts
 27483 | Lair:5   | Gained mutation: You have hooves in place of feet. [demonic
                  | ancestry]
 27483 | Lair:5   | Reached XP level 14. HP: 64/93 MP: 6/26
 27870 | Lair:5   | Found the +10 tower shield of Ignorance {rN+ Int-4}
 27893 | Lair:5   | Reached skill level 14 in Invocations
 28959 | Lair:5   | Found a burning altar of Makhleb.
 28964 | Lair:5   | Found a gateway to Hell.
 29288 | Orc:1    | Entered Level 1 of the Orcish Mines
 29429 | D:6      | Bought the ring "Daphy" {Fire rN++} for 467 gold pieces
 29642 | Orc:1    | Found a dark tunnel.
 29663 | Volcano  | Entered a volcano
 30059 | Volcano  | Found a burning altar of Makhleb.
 30314 | Volcano  | Found the +3 pair of seven-league boots {Rampage+∞}
 30909 | Orc:1    | Learned a level 6 spell: Dispersal
 30924 | Orc:2    | Entered Level 2 of the Orcish Mines
 30924 | Orc:2    | Found Alyipi's Jewellery Emporium.
 31060 | Orc:2    | Bought a +6 ring of intelligence for 432 gold pieces
 32708 | Orc:1    | Reached skill level 10 in Translocations
 33233 | Orc:2    | Noticed an orc warlord
 33270 | Orc:2    | HP: 4/141 [two-headed ogre/+0 giant spiked club (12)]
 33270 | Orc:2    | HP: 1/141 [two-headed ogre/+0 giant spiked club (3)]
 33667 | Orc:2    | Noticed an orc warlord
 33668 | Orc:2    | Paralysed by an orc sorcerer for 3 turns
 33678 | Orc:2    | Killed an orc warlord
 33892 | Orc:2    | Found Atojadat's Book Shoppe.
 33931 | Orc:1    | Found Cyehel's Book Shoppe.
 33931 | Orc:1    | Found a runed translucent gate.
 33931 | Orc:1    | Found a runed translucent gate.
 33931 | Orc:1    | Found a runed translucent gate.
 33934 | Orc:1    | Noticed an orc warlord
 33940 | Orc:1    | Noticed mkat's ghost (journeyman DsSu)
 33958 | Orc:1    | Killed an orc warlord
 33959 | Orc:1    | Gained mutation: Your magical and physical power is
                  | slightly enhanced at high health. [demonic ancestry]
 33959 | Orc:1    | Reached XP level 15. HP: 84/99 MP: 7/27
 34036 | Orc:1    | Found an iron altar of Okawaru.
 34154 | Orc:1    | Killed an orc warlord
 34253 | Orc:2    | Found Tufog's Distillery.
 34279 | Orc:2    | Found Egaumog's Distillery.
 34285 | Orc:2    | Bought a potion of berserk rage for 60 gold pieces
 34293 | Orc:2    | Bought a potion of haste for 120 gold pieces
 34358 | Orc:2    | Reached ****** piety under Hepliaklqana
 34369 | Orc:2    | Found a staircase to the Elven Halls.
 34595 | Orc:2    | Found Jubydu's Antique Weapon Shoppe.
 34627 | Orc:2    | Found Jecu's Jewellery Shop.
 35042 | D:10     | You paid a toll of 8 potions of haste to enter a treasure
                  | trove
 35043 | Trove    | Entered a treasure trove
 35064 | Trove    | Identified the +9 quarterstaff of Fownu {vorpal, rElec
                  | Int+2}
 35066 | Trove    | Identified the ring "Xifoal" {Fire *Slow Will+ Int+2
                  | Stlth+}
 35068 | Trove    | Identified the ring of Entrepreneurial Spirit {Fire rN++
                  | rCorr}
 35073 | Trove    | Identified the +5 shortbow of Pagowk {freeze, rPois rF+
                  | Str+5 Int-5}
 35077 | Trove    | Identified the amulet of the Ageless Xalams {Regen+ Dex+4}
 35079 | Trove    | Identified the +4 scale mail "Liacej" {Rampage Will+ Dex+4}
 35253 | Orc:2    | Bought the ring of Igha {rElec rPois rF- Int+3 SInv} for
                  | 422 gold pieces
 35500 | Spider:1 | Entered Level 1 of the Spider Nest
 35842 | Spider:1 | HP: 4/99 [steelbarb worm (11)]
 35844 | Spider:1 | Mangled by a steelbarb worm

Illustrated notes

Levels and vault maps discovered:
D:1:      giann_horns, layout_basic, serial_bayou_ford_a, minivault_11,
          minmay_indecisive_spiral
D:2:      layout_basic, uniq_sigmund, uniq_jessica
D:3:      layout_basic, hellmonk_ecumenical_altar_run_dry, serial_shops, shop,
          shop, shop_fountains, minmay_randomly_rotated_circles, uniq_robin,
          uniq_natasha
D:4:      layout_basic, nicolae_wu_jian_wuxing_cycle, serial_shops, shop,
          uniq_menkaure, uniq_eustachio
D:5:      layout_loops_ring, minmay_temple_entry_slanted,
          minmay_misc_feat_encased
D:6:      layout_cave_pools, nicolae_dithmenos_through_a_glass_darkly,
          serial_gnoll_camp, gnoll_camp_mini_shop, gnoll_camp_mini_house,
          gnoll_camp_mini_shop, gnoll_camp_mini_hut, gnoll_camp_mini_basic,
          gnoll_camp_mini_hut, uniq_grinder
D:7:      layout_basic, mainiacjoe_overflow_paths, enter_bailey_5
D:8:      layout_cave_pods
D:9:      okawaru_arena_lexackson, layout_loops_ring, david_lair_generic
D:10:     layout_stronghold, trog_book, nicolae_yredelemnul_corpse_copse,
          david_orc_5, nicolae_trove_entry_isolated, minmay_misc_feat_tower
D:11:     layout_basic, uniq_grum
D:12:     layout_basic
D:13:     minmay_stepped, layout_loops_corners, nicolae_splish_splash
Temple:   minmay_temple_bridge_d
Lair:1:   layout_misc_corridors
Lair:2:   layout_hall_layers, spider_nest_entry_web_field,
          hangedman_lair_unloving_vines, st_stairs_13, grunt_megastairs_1
Lair:3:   layout_cave_pods, swamp_mist, special_room [special_room_bee],
          uniq_amaemon
Lair:4:   layout_long_grid, slime_entry_1, beast_lair_carwin_6
Lair:5:   evil_forest, layout_loops_ring
Spider:1: layout_cave_pods, hangedman_spider_tarantella_strand
Orc:1:    layout_caves, enter_volcano_1, serial_shops, shop,
          gammafunk_ghost_fury_of_okawaru
Orc:2:    hellmonk_orc_salted, layout_caves, serial_shops, shop,
          nicolae_shop_advertising_works [nicolae_subvault_shop_adworks]

Skill      XL: |  1  2  3  4  5  6  7  8  9 10 11 12 13 14 15 |
---------------+----------------------------------------------+-----
Stealth        | 2 3 4 5 6 7 8 9 |  9.0
Dodging        | 2 3 4 5 6 7 8 |  8.2
Fire Magic     | 3 4 5 6 7 8 |  8.5
Conjurations   | 2 3 4 5 6 7 8 9 |  9.0
Spellcasting   | 3 4 5 6 7 8 |  8.3
Fighting       | 2 3 4 5 6 7 8 |  8.2
Translocations | 2 3 4 5 6 7 11 12 | 12.0
Invocations    | 1 4 6 8 10 12 13 14 | 14.4
Shields        | 1 3 4 5 |  5.0

Action                   |  1- 3 |  4- 6 |  7- 9 | 10-12 | 13-15 || total
-------------------------+-------+-------+-------+-------+-------++-------
Melee: Short sword       |    25 |    44 |    12 |    91 |       ||   172
       Punch             |     1 |       |     2 |     2 |       ||     5
       Kick              |       |    18 |     9 |    51 |   111 ||   189
       Staff             |       |    35 |    37 |       |    41 ||   113
       Flail             |       |       |       |     4 |   213 ||   217
 Cast: Foxfire           |    30 |    38 |   115 |   277 |   248 ||   708
       Scorch            |    17 |    58 |   137 |   158 |   151 ||   521
       Flame Wave        |       |       |       |     3 |     1 ||     4
       Dazzling Flash    |       |       |       |       |    24 ||    24
       Iskenderun's Myst |       |       |       |       |    46 ||    46
       Dispersal         |       |       |       |       |     7 ||     7
Invok: Recall Ancestor   |       |       |     1 |     2 |       ||     3
       Ancestor Life: Ba |       |       |     1 |       |       ||     1
       Transference      |       |       |       |       |     1 ||     1
Evoke: Wand              |       |     1 |       |     1 |     5 ||     7
  Use: Potion            |       |     1 |     5 |     3 |    11 ||    20
       Scroll            |       |    12 |    17 |     3 |     8 ||    40
 Stab: Sleeping          |       |     1 |       |       |     4 ||     5
       Distracted        |       |       |       |       |     5 ||     5
       Invisible         |       |       |       |       |     3 ||     3
       Petrified         |       |       |       |       |     4 ||     4
Armor: Robe              |     6 |    40 |    52 |    69 |   140 ||   307
       Skin              |       |       |       |       |    10 ||    10
Dodge: Dodged            |    26 |   103 |    97 |   129 |   257 ||   612
Block: Other             |       |       |     6 |    20 |       ||    26
       Buckler           |       |       |       |    41 |   188 ||   229
